 Dungeon Crawl Stone Soup version 0.28-b1-1-g3c77fb2ed1 (webtiles) character file.

Game seed: 17960242813816232699

603281 McKennaii the Cloud Mage (level 24, -1/189 HPs)
             Began as a Demigod Conjurer on Jan 30, 2022.
             Killed by a mummy priest's death curse (19 damage)
             ... on level 2 of the Tomb of the Ancients.
             The game lasted 03:56:42 (106250 turns).

McKennaii the Cloud Mage (Demigod Conjurer)       Turns: 106250, Time: 03:56:43

Health: -1/189     AC: 22    Str: 20      XL:     24   Next: 78%
Magic:  32/65      EV: 14    Int: 40      God:
Gold:   4725       SH: 29    Dex: 15 (16) Spells: 17/67 levels left

rFire   + . .      SeeInvis .   P - staff of conjuration
rCold   + + .      Faith    .   a - +8 tower shield {rC+}
rNeg    + + .      Spirit   .   j - +1 faerie dragon scales {Will+ rCorr Slay+3}
rPois   +          Reflect  .   A - +1 hat "Sisky" {rPois Regen+ MP+9 Dex+2}
rElec   +          Harm     .   G - +2 cloak of Ehexzouh {rElec Slay+2}
rCorr   +          Rampage  .   r - +3 pair of gauntlets of War {Slay+5}
Will    ++++.                   N - +0 pair of boots of Juggoxta {rN+ Will+}
Stlth   +++++.....              Q - amulet of Trepidation {RegenMP rF+}
HPRegen 1.21/turn               k - ring "Nusec" {rElec rN+ Stlth+}
MPRegen 0.79/turn               M - ring of the Dropbear {Wiz rC+ Stlth+}

@: brilliant, slowed, invisible (expiring), very slow
A: high mp 1, forlorn, divine attributes, iridescent scales 1, thin skeletal
structure 1, deterioration 2, shaggy fur 1, inhibited regeneration, MP-powered
wands
}: 4/15 runes: decaying, serpentine, slimy, silver
a: no special abilities


You were on level 2 of the Tomb of the Ancients.
You visited 13 branches of the dungeon, and saw 55 of its levels.
You visited 2 bazaars.
You also visited: Sewer and Ice Cave.

You collected 8806 gold pieces.
You spent 4081 gold pieces at shops.

Inventory:

Hand Weapons
 y - the +6 falchion of Hepliaklqana's Favour {freeze, Will+ MP+9 Str-3 Int+4}
   (You found it on level 2 of the Snake Pit)

   It freezes those it strikes, dealing additional cold damage.
   It can also slow down cold-blooded creatures.
   Str:       It affects your strength (-3).
   Int:       It affects your intelligence (+4).
   MP:        It affects your magic capacity (+9).
   Will:      It increases your willpower.
 z - the +2 rapier of Midsummer {freeze, rF+ rC+ Str+8 Dex-2}
   (You found it on level 5 of the Pits of Slime)

   It freezes those it strikes, dealing additional cold damage.
   It can also slow down cold-blooded creatures.
   Str:       It affects your strength (+8).
   Dex:       It affects your dexterity (-2).
   rF:        It protects you from fire.
   rC:        It protects you from cold.
Armour
 a - a +8 tower shield of cold resistance (worn)
 j - the +1 faerie dragon scales (worn) {Will+ rCorr Slay+3}
   (You took it off the Enchantress on level 2 of the Depths)

   Slay:      It affects your accuracy & damage with ranged weapons and melee
   (+3).
   rCorr:     It protects you from acid and corrosion.
   Will:      It increases your willpower.
 r - the +3 pair of gauntlets of War (worn) {Slay+5}
   (You found it on level 3 of the Elven Halls)

   Slay:      It affects your accuracy & damage with ranged weapons and melee
   (+5).
 A - the +1 hat "Sisky" (worn) {rPois Regen+ MP+9 Dex+2}
   (You found it on level 3 of the Vaults)

   Dex:       It affects your dexterity (+2).
   rPois:     It protects you from poison.
   MP:        It affects your magic capacity (+9).
   Regen:     It increases your rate of health regeneration.
 G - the +2 cloak of Ehexzouh (worn) {rElec Slay+2}
   (You found it on level 5 of the Dungeon)

   Slay:      It affects your accuracy & damage with ranged weapons and melee
   (+2).
   rElec:     It insulates you from electricity.
 N - the +0 pair of boots of Juggoxta (worn) {rN+ Will+}
   (You found it on level 5 of the Vaults)

   rN:        It protects you from negative energy.
   Will:      It increases your willpower.
Magical Staves
 P - a staff of conjuration (weapon)
Jewellery
 h - a ring of see invisible
 k - the ring "Nusec" (left hand) {rElec rN+ Stlth+}
   (You found it on level 3 of the Dungeon)

   [ring of positive energy]

   rElec:     It insulates you from electricity.
   rN:        It protects you from negative energy.
   Stlth:     It makes you more stealthy.
 E - a ring of protection from cold
 J - a +6 ring of dexterity
 M - the ring of the Dropbear (right hand) {Wiz rC+ Stlth+}
   (You took it off a death knight on level 3 of the Crypt)

   [ring of wizardry]

   It improves your spell success rate.
   rC:        It protects you from cold.
   Stlth:     It makes you more stealthy.
 Q - the amulet of Trepidation (around neck) {RegenMP rF+}
   (You found it on level 1 of the Realm of Zot)

   [amulet of magic regeneration]

   It increases your rate of magic regeneration.
   rF:        It protects you from fire.
 S - a ring of flight
 T - a ring of protection from fire
 Z - a ring of wizardry
Wands
 l - a wand of iceblast (20)
 H - a wand of flame (39)
 I - a wand of paralysis (37)
 O - a wand of digging (12)
 R - a wand of mindburst (22)
 U - a wand of polymorph (20)
 X - a wand of acid (12)
Scrolls
 b - 9 scrolls of amnesia
 c - 12 scrolls of fear
 d - 21 scrolls of teleportation
 g - 8 scrolls of vulnerability
 i - 10 scrolls of magic mapping
 n - 2 scrolls of holy word
 s - 5 scrolls of brand weapon
 u - 14 scrolls of fog
 v - 3 scrolls of blinking
 x - 11 scrolls of enchant weapon
 B - 2 scrolls of silence
 C - 2 scrolls of enchant armour
 Y - 2 scrolls of summoning
Potions
 e - 24 potions of curing
 f - 5 potions of invisibility
 m - 11 potions of might
 o - 4 potions of magic
 p - 8 potions of haste
 q - 4 potions of heal wounds
 t - 2 potions of berserk rage
 w - 6 potions of cancellation
 D - 5 potions of attraction
 F - 8 potions of lignification
 K - 3 potions of ambrosia
 L - 2 potions of resistance
 V - 5 potions of flight
 W - 4 potions of brilliance


   Skills:
 - Level 10.0 Fighting
 - Level 8.0 Armour
 - Level 8.0 Dodging
 - Level 1.7 Stealth
 + Level 18.3 Shields
 + Level 22.3 Spellcasting
 - Level 18.0 Conjurations
 - Level 5.0 Fire Magic
 * Level 24.0 Air Magic


You had 17 spell levels left.
You knew the following spells:

 Your Spells              Type           Power      Damage    Failure   Level
a - Magic Dart            Conj           100%       1d8       0%          1
b - Searing Ray           Conj           100%       2d8       0%          2
c - Iskenderun's Mystic   Conj/Tloc      100%       2d19      1%          4
d - Fireball              Conj/Fire      70%        3d26      1%          5
e - Orb of Destruction    Conj           81%        9d18      1%          7
f - Conjure Ball Lightni  Conj/Air       85%        3x3d32    1%          6
g - Hailstorm             Conj/Ice       100%       3d20      1%          4
h - Airstrike             Air            75%        N/A       0%          4
i - Maxwell's Capacitive  Air            75%        ∞         1%          8
j - Chain Lightning       Conj/Air       85%        3d113     12%         9

Your spell library contained the following spells:

 Spells                   Type           Power      Damage    Failure   Level
 Foxfire                  Conj/Fire      100%       2x1d9     0%          1
 Shock                    Conj/Air       100%       1d9       0%          1
 Corpse Rot               Necr/Air       100%       N/A       0%          2
 Poisonous Vapours        Pois/Air       100%       N/A       0%          2
 Static Discharge         Conj/Air       100%       N/A       0%          2
 Swiftness                Air            100%       N/A       0%          3
 Lightning Bolt           Conj/Air       85%        1d113     0%          5
 Animate Skeleton         Necr           100%       N/A       1%          1
 Apportation              Tloc           100%       N/A       1%          1
 Freeze                   Ice            100%       1d11      1%          1
 Sandblast                Erth           100%       2d20      1%          1
 Slow                     Hex            100%       N/A       1%          1
 Sting                    Tmut/Pois      100%       1d8       1%          1
 Summon Small Mammal      Summ           100%       N/A       1%          1
 Blink                    Tloc           100%       N/A       1%          2
 Ensorcelled Hibernation  Hex/Ice        100%       N/A       1%          2
 Passwall                 Tmut/Erth      50%        N/A       1%          2
 Scorch                   Fire           100%       2d10      1%          2
 Sublimation of Blood     Necr           61%        N/A       1%          2
 Confusing Touch          Hex            61%        N/A       1%          3
 Conjure Flame            Conj/Fire      100%       6-21      1%          3
 Dazzling Flash           Conj/Hex       100%       N/A       1%          3
 Frozen Ramparts          Ice            100%       1d12      1%          3
 Gell's Gravitas          Tloc           61%        N/A       1%          3
 Inner Flame              Hex/Fire       77%        N/A       1%          3
 Lesser Beckoning         Tloc           61%        N/A       1%          3
 Portal Projectile        Hex/Tloc       100%       N/A       1%          3
 Spider Form              Tmut/Pois      61%        N/A       1%          3
 Stone Arrow              Conj/Erth      100%       3d13      1%          3
 Teleport Other           Tloc           61%        N/A       1%          3
 Tukima's Dance           Hex            61%        N/A       1%          3
 Vampiric Draining        Necr           61%        2d10      1%          3
 Flame Wave               Conj/Fire      100%       2d17      1%          4
 Fulminant Prism          Conj/Hex       66%        3d28      1%          4
 Sticky Flame             Conj/Fire      100%       2d11      1%          4
 Summon Lightning Spire   Summ/Air       100%       N/A       1%          4
 Freezing Cloud           Conj/Ice/Air   75%        6-21      1%          5
 Irradiate                Conj/Tmut      66%        3d35      1%          5
 Iskenderun's Battlesphe  Conj           100%       2d15      1%          5
 Silence                  Hex/Air        59%        N/A       1%          5
 Starburst                Conj/Fire      70%        6d18      1%          6
 Iron Shot                Conj/Erth      66%        9d12      2%          6
 Storm Form               Tmut/Air       59%        N/A       4%          7
 Anguish                  Hex/Necr       30%        N/A       6%          4
 Animate Armour           Summ/Erth      100%       N/A       6%          4
 Cause Fear               Hex            30%        N/A       6%          4
 Dispel Undead            Necr           61%        3d21      6%          4
 Ice Form                 Ice/Tmut       61%        N/A       6%          4
 Olgreb's Toxic Radiance  Pois           61%        N/A       6%          4
 Passage of Golubria      Tloc           61%        N/A       6%          4
 Petrify                  Tmut/Erth      61%        N/A       6%          4
 Summon Ice Beast         Ice/Summ       61%        N/A       6%          4
 Spellforged Servitor     Conj/Summ      66%        N/A       14%         7
 Agony                    Necr           61%        N/A       17%         5
 Blade Hands              Tmut           30%        N/A       17%         5
 Lee's Rapid Deconstruct  Erth           30%        3d17*     17%         5
 Manifold Assault         Tloc           61%        N/A       17%         5
 Summon Forest            Summ/Tloc      30%        N/A       17%         5
 Summon Mana Viper        Hex/Summ       61%        N/A       17%         5
 Yara's Violent Unravell  Hex/Tmut       30%        3d13      17%         5
 Death Channel            Necr           30%        N/A       65%         6
 Dispersal                Tloc           30%        N/A       65%         6
 Simulacrum               Ice/Necr       30%        N/A       65%         6
 Statue Form              Tmut/Erth      40%        N/A       65%         6
 Summon Cactus Giant      Summ           30%        N/A       65%         6
 Dragon Form              Tmut           30%        N/A       99%         7
 Ozocubu's Refrigeration  Ice            30%        4d11      99%         7
 Ignition                 Fire           45%        3d13      99%         8
 Discord                  Hex            30%        N/A       100%        8
 Disjunction              Tloc           30%        N/A       100%        8
 Dragon's Call            Summ           30%        N/A       100%        9
 Polar Vortex             Ice            30%        N/A       100%        9


Dungeon Overview and Level Annotations

Branches:
Dungeon (15/15)            Temple (1/1) D:7            Lair (6/6) D:10
  Swamp (4/4) Lair:2        Snake (4/4) Lair:3        Slime (5/5) Lair:6
    Orc (2/2) D:10            Elf (3/3) Orc:2        Vaults (5/5) D:13
  Crypt (3/3) Vaults:2       Tomb (2/3) Crypt:3      Depths (4/4) D:15
    Zot (1/5) Depths:4      Sewer (visited)           IceCv (visited)

Shops:
D:6 *   D:7 [*   Orc:2 [[[(   Elf:1 :(?   Elf:3 (   Snake:2 *   Snake:3 *
Vaults:1 (   Depths:3 [   Depths:4 [

Portals:
Hell: Depths:1 Depths:2 Depths:3 Depths:4
Abyss: Lair:6 Depths:1 Depths:2 Depths:3
Pandemonium: Depths:2 Depths:4
Ziggurat: Depths:3

Annotations:
Vaults:1 2 transporters, exclusion: obsidian statue
Tomb:2 Boris


Innate Abilities, Weirdness & Mutations

You have an increased reservoir of magic. (+10% MP)
You shall have no god before yourself.
Your divine heritage dramatically boosts your attributes as you level up.
You are partially covered in iridescent scales. (AC +2)
You have a somewhat thin skeletal structure. (Dex +2, Stealth+)
Your body often deteriorates upon taking damage.
You are covered in fur. (AC +1)
You do not regenerate when monsters are visible.
You expend magic power (3 MP) to strengthen your wands.


Message History

You feel extremely nervous for a moment...
You feel horribly lethargic.
You feel yourself slow down.
* * * LOW HITPOINT WARNING * * *
Your surroundings suddenly seem different.
A guardian mummy and a mummy priest come into view.
Found 16 gold pieces.
Found a one-way staircase leading down.
Unknown command.
Unknown command.
Unknown command.
Unknown command.
Unknown command.
Unknown command.
Casting: Chain Lightning (dangerous; 12% risk of failure)
Confirm with . or Enter, or press ? or * to list all spells.
Okay, then.
Unknown command.
Casting: Chain Lightning (dangerous; 12% risk of failure)
Confirm with . or Enter, or press ? or * to list all spells.
Aiming: Orb of Destruction (mildly dangerous; 1% risk of failure)
Press: ? - help, Shift-Dir - straight line, f - guardian mummy
Aim: a guardian mummy You feel a strong surge of power!
Unknown command.
You flicker for a moment.
The orb of destruction hits the guardian mummy!!!!
You blow up the guardian mummy!
You feel extremely nervous for a moment...
Pain shoots through your body!
* * * LOW HITPOINT WARNING * * *
Casting: Orb of Destruction (mildly dangerous; 1% risk of failure)
Confirm with . or Enter, or press ? or * to list all spells.
Aiming: Orb of Destruction (mildly dangerous; 1% risk of failure)
Press: ? - help, Shift-Dir - straight line, f - mummy priest
Aim: a mummy priest (wandering, hasn't noticed you)
You feel a strong surge of power!
The orb of destruction hits the mummy priest!!!!
You blow up the mummy priest!
You feel extremely nervous for a moment...
Pain shoots through your body!!
You die...

###########
+.........M
#....°°....
#...$......
#@○○○○☼...>
###########


There were no monsters in sight!

Vanquished Creatures
  the Royal Jelly (Slime:5)
  Mara (Vaults:3)
  Khufu (Crypt:2)
  The ghost of Beclu the Imperceptible, a legendary GnSk of Dithmenos (Zot:1)
  Mennas (Crypt:2)
  Sojobo (Crypt:2)
  6 royal mummies
  Boris (twice) (Vaults:4 Vaults:5)
  Saint Roka (Vaults:4)
  The ghost of WeeknightWizard the Sorcerer, a veteran DEFE of Vehumet (Depths:4)
  Margery (Vaults:3)
  Bai Suzhen (Vaults:4)
  A curse toe (Zot:1)
  4 golden dragons
  A profane servitor (Crypt:3)
  the Enchantress (Depths:2)
  The ghost of KamiKatze the Executioner, an adept MiBe of Trog (Vaults:3)
  3 bone dragons
  3 electric golems (Zot:1)
  Rupert (D:15)
  A hellephant (Depths:3)
  A lich (Depths:2)
  13 tentacled monstrosities
  3 quicksilver dragons
  2 deep elf master archers (Elf:3)
  2 titans
  17 acid blobs
  3 deep elf blademasters
  2 ancient champions
  9 shadow dragons
  12 sphinxes
  10 death cobs (Zot:1)
  6 tengu reavers
  Frances (D:14)
  2 thorn hunters (Swamp:4)
  Donald (Orc:2)
  8 storm dragons
  8 nagarajas
  3 draconian monks
  8 rockslimes
  11 azure jellies
  3 deep elf sorcerers
  12 fire giants
  11 frost giants
  4 revenants
  19 vault wardens
  Louise (Swamp:4)
  3 caustic shrike zombies (Crypt:3)
  3 orc warlords
  Aizul (Swamp:4)
  14 ghouls
  2 iron dragons (Vaults:5)
  6 deep elf elementalists (Elf:3)
  18 ironbound preservers
  A caustic shrike skeleton (Depths:1)
  4 spriggan defenders
  4 reapers
  A draconian stormcaller (Zot:1)
  4 war gargoyles
  2 bennus (Tomb:2)
  9 quicksilver oozes
  2 draconian annihilators
  11 stone giants
  8 vampire knights
  21 very ugly things
  12 ironbound thunderhulks
  4 white draconians
  4 eleionomae
  2 green draconians (Depths:4)
  6 deep elf annihilators
  Azrael (Elf:2)
  3 deep elf demonologists
  2 entropy weavers
  The ghost of DildoBatman the Protected, a journeyman FoCj of Kikubaaqudgha (Orc:2)
  3 bunyips
  17 dire elephants
  3 black draconians
  An entropy weaver (shapeshifter) (Depths:3)
  3 spark wasps
  2 yellow draconians
  2 red draconians
  9 ettins
  A blizzard demon (Depths:2)
  Josephine (D:14)
  7 mummy priests
  A quicksilver dragon zombie (Crypt:3)
  An ettin (shapeshifter) (Elf:3)
  13 yaktaur captains
  A deep elf death mage (Elf:3)
  4 eidola
  A merfolk impaler (Depths:4)
  11 fire dragons
  2 shambling mangroves
  6 deep elf high priests
  8 jiangshi
  20 hydras
  Harold (D:7)
  39 vault guards
  A caustic shrike simulacrum (IceCv)
  21 great orbs of eyes
  8 spriggan air magi
  A fenstrider witch zombie (Crypt:3)
  4 rakshasas
  A salamander tyrant (Snake:4)
  9 ice dragons
  2 peacekeepers
  4 ogre magi (Vaults:5)
  Erolcha (D:9)
  16 naga warriors
  9 ironbound frosthearts
  2 boulder beetles
  14 two-headed ogres
  2 ghost crabs
  8 anacondas
  2 catoblepae
  7 alligators
  27 dancing weapons
  3 death yaks (Lair:6)
  4 death knights
  26 centaur warriors
  A tengu warrior (Depths:1)
  5 deep troll shamans
  5 spriggan berserkers
  9 vampire magi
  8 hell knights
  8 deep troll earth magi
  2 titan zombies
  13 naga sharpshooters
  3 soul eaters
  A shock serpent (Snake:3)
  A storm dragon zombie (Crypt:3)
  2 thrashing horrors (Lair:6)
  33 skeletal warriors
  20 deep elf knights
  An emperor scorpion zombie (Crypt:3)
  Sonja (D:12)
  5 salamander mystics
  A shadow wraith (Crypt:2)
  10 iron trolls
  6 goliath frogs
  3 spriggan druids
  50 deep trolls
  4 flayed ghosts
  A bunyip zombie (Crypt:3)
  2 anaconda zombies (Crypt:3)
  A goliath frog (shapeshifter) (Depths:4)
  4 naga ritualists
  A shadow demon (Depths:4)
  2 orange crystal statues
  12 bog bodies
  13 deep elf archers
  5 glowing orange brains
  13 wizards
  A tengu zombie (Depths:1)
  An anaconda skeleton (Crypt:2)
  11 lindwurms
  15 swamp dragons
  Pikel (D:6)
  An obsidian statue (IceCv)
  19 ironbound convokers
  29 phantasmal warriors
  A wolf spider zombie (D:15)
  18 deep elf zephyrmancers
  13 mana vipers
  3 necromancers
  An iron dragon zombie (Crypt:3)
  An eleionoma zombie (Crypt:1)
  3 orc knights
  6 orc sorcerers (Orc:2)
  6 shining eyes
  28 deep elf pyromancers
  53 ugly things
  2 salamanders (shapeshifter)
  A wolf spider (shapeshifter) (Vaults:5)
  5 cyclopes
  A stone giant zombie (Crypt:3)
  A jorogumo skeleton (Crypt:1)
  7 salamanders
  5 will-o-the-wisps
  25 black mambas
  An iron dragon skeleton (Tomb:2)
  9 moths of wrath (Zot:1)
  A naga zombie (Crypt:3)
  17 vault sentinels
  A moth of wrath (shapeshifter) (Vaults:5)
  A manticore (D:14)
  12 elephants
  4 guardian serpents
  A dire elephant zombie (Crypt:3)
  A rust devil (Depths:4)
  An eye of devastation (Slime:5)
  A torpor snail (shapeshifter) (D:15)
  2 smoke demons (Lair:6)
  A guardian serpent (shapeshifter) (Depths:4)
  A catoblepas zombie (Tomb:1)
  19 naga magi
  A shock serpent skeleton (Crypt:2)
  2 naga skeletons (Tomb:2)
  13 cane toads
  2 unseen horrors (Depths:3)
  Psyche (D:11)
  12 komodo dragons
  25 yaktaurs
  2 tengu conjurers (D:15)
  A catoblepas skeleton (Crypt:2)
  A dire elephant skeleton (Tomb:1)
  11 freezing wraiths
  2 unseen horrors (shapeshifter)
  An ice devil (IceCv)
  11 rime drakes
  A spriggan zombie (Depths:1)
  2 golden dragon simulacra (IceCv)
  2 hellwings (Depths:4)
  2 kobold demonologists
  A sea snake skeleton (Crypt:2)
  2 trolls
  5 entropy weaver simulacra (IceCv)
  3 ancient zymes (Lair:6)
  19 guardian mummies
  A bloated husk (Swamp:4)
  2 spriggan skeletons (Depths:1)
  2 harpy zombies (Crypt:3)
  17 tyrant leeches
  2 polar bears
  A meliai (D:9)
  A polar bear (shapeshifter) (D:9)
  A queen bee (D:11)
  A queen bee (shapeshifter) (Elf:1)
  A death drake zombie (Crypt:1)
  24 blink frogs
  12 hornets
  117 slime creatures
  4 ettin zombies
  A culicivora zombie (Crypt:1)
  A satyr zombie (Crypt:1)
  A dream sheep (shapeshifter) (Elf:2)
  11 dream sheep
  A meliai zombie (D:15)
  9 flying skulls
  2 air elementals
  An ettin skeleton (Tomb:1)
  18 wraiths
  15 spriggans
  12 ushabtiu
  5 water elementals
  2 ynoxinuls (Lair:6)
  A vampire (D:14)
  A wyvern (D:9)
  A wind drake zombie (Crypt:2)
  7 basilisks
  24 yaks
  9 golden eyes
  3 large abominations (Lair:6)
  8 fire elementals
  2 humans (D:10)
  3 redbacks
  A neqoxec (Depths:4)
  2 chaos spawn (Lair:6)
  8 steam dragons
  33 vampire mosquitoes
  7 wargs
  Menkaure (D:6)
  A minotaur simulacrum (IceCv)
  53 nagas
  18 swamp worms
  A swamp worm (shapeshifter) (Vaults:5)
  A water nymph zombie (Crypt:2)
  15 water moccasins
  2 hell hounds (Elf:2)
  A faun skeleton (Crypt:2)
  A floating eye (Depths:4)
  4 acid dragons
  A hornet zombie (D:15)
  7 black bears
  6 swamp drakes (Swamp:4)
  24 orc warriors
  2 ettin simulacra
  4 ice beasts
  A sky beast (D:6)
  6 ogres
  3 alligator simulacra (IceCv)
  3 boggarts
  12 centaurs
  16 necrophages
  A snapping turtle zombie (Crypt:2)
  2 wolves
  A phantom (D:5)
  4 kobold brigands
  10 bullfrogs
  5 deep troll simulacra (IceCv)
  9 small abominations (Lair:6)
  An earth elemental (Elf:1)
  A wyvern zombie (D:5)
  2 gnoll sergeants
  4 scorpions
  A palentonga skeleton (Crypt:1)
  9 wyvern skeletons (Crypt:3)
  19 killer bees
  A lindwurm simulacrum (IceCv)
  3 wights (D:7)
  2 howler monkeys
  4 centaur zombies
  2 electric eels
  A wolf skeleton (Crypt:1)
  2 bullfrog zombies (D:5)
  3 centaur skeletons
  2 hounds (D:5)
  2 jellies
  10 orc priests
  A gnoll shaman (D:6)
  2 scorpion zombies (D:5)
  Jessica (D:3)
  A bullfrog skeleton (D:5)
  2 iguanas
  41 orc wizards
  7 hell rats (Lair:2)
  2 killer bee zombies
  A hound zombie (D:5)
  17 mummies
  A hound skeleton (D:4)
  A howler monkey zombie (D:5)
  13 gnolls
  8 adders
  2 howler monkey skeletons
  13 river rats (Lair:2)
  4 white imps
  2 ufetubi
  An adder skeleton (Crypt:1)
  4 worms
  2 dart slugs
  90 orcs
  10 endoplasms
  5 giant cockroaches
  7 goblins
  7 hobgoblins
  2 jackals (D:2)
  14 quokkas
  13 ball pythons
  8 bats
  4 frilled lizards
  A hobgoblin skeleton (Crypt:2)
  28 kobolds
  A quokka skeleton (D:4)
  32 rats
2390 creatures vanquished.

Vanquished Creatures (others)
  An ancient lich (Vaults:4)
  Asterion (Vaults:3)
  A great orb of eyes (Vaults:3)
  A slime creature (Vaults:4)
  An orc wizard (Orc:2)
  30 ball lightnings
  20 foxfires (Swamp:1)
  142 fungi
  156 plants
  34 withered plants
387 creatures vanquished.

Grand Total: 2777 creatures vanquished

Notes
Turn   | Place    | Note
-------+----------+-------------------------------------------
     0 | D:1      | McKennaii the Demigod Conjurer began the quest for the Orb.
     0 | D:1      | Reached XP level 1. HP: 14/14 MP: 5/5
   328 | D:1      | Reached XP level 2. HP: 20/20 MP: 4/7
  1069 | D:1      | Learned a level 2 spell: Searing Ray
  1373 | D:2      | Reached XP level 3. HP: 26/26 MP: 6/9
  2422 | D:3      | Identified the ring "Nusec" {rElec rN+ Stlth+}
  2626 | D:3      | Found a glowing drain.
  2706 | Sewer    | Entered a sewer
  2882 | Sewer    | Reached XP level 4. HP: 33/33 MP: 6/11
  2956 | Sewer    | Noticed a kobold brigand
  2966 | Sewer    | Killed a kobold brigand
  3389 | D:3      | Reached XP level 5. HP: 38/38 MP: 11/13
  3494 | D:3      | Reached skill level 5 in Conjurations
  3603 | D:3      | Noticed Jessica
  3607 | D:3      | Killed Jessica
  4295 | D:3      | Learned a level 4 spell: Iskenderun's Mystic Blast
  4345 | D:4      | Noticed an ice beast
  4353 | D:4      | Killed an ice beast
  4427 | D:4      | Reached XP level 6. HP: 45/45 MP: 12/15
  5610 | D:5      | Entered Level 5 of the Dungeon
  5692 | D:5      | Reached XP level 7. HP: 50/50 MP: 8/17
  6325 | D:5      | Reached skill level 5 in Spellcasting
  6417 | D:5      | Identified the +2 cloak of Ehexzouh {rElec Slay+2}
  6679 | D:5      | Reached XP level 8. HP: 57/57 MP: 19/19
  7141 | D:6      | Found Ifeiwn's Assorted Antiques.
  7150 | D:6      | Bought a scroll labelled ALADWO PAJIT for 31 gold pieces
  7150 | D:6      | Bought a scroll labelled PUINYXUE UMPEWUL for 31 gold
                  | pieces
  7150 | D:6      | Bought a scroll labelled XAPOERIOSM for 31 gold pieces
  7150 | D:6      | Bought a scroll labelled BIKHLE ASCHUY for 31 gold pieces
  7150 | D:6      | Bought an amethyst potion for 27 gold pieces
  7150 | D:6      | Bought a lumpy puce potion for 27 gold pieces
  7150 | D:6      | Bought a lumpy puce potion for 27 gold pieces
  7150 | D:6      | Bought a lumpy puce potion for 27 gold pieces
  7216 | D:6      | Noticed Menkaure
  7222 | D:6      | Killed Menkaure
  8300 | D:7      | Reached XP level 9. HP: 62/62 MP: 22/22
  8442 | D:7      | Noticed Pikel
  8482 | D:6      | Killed Pikel
  8483 | D:6      | Reached skill level 10 in Conjurations
  9073 | D:7      | Found Paeck's Gadget Gallery.
  9095 | D:7      | Found a staircase to the Ecumenical Temple.
  9095 | D:7      | Noticed Harold
  9103 | D:7      | Killed Harold
  9115 | Temple   | Entered the Ecumenical Temple
  9519 | D:7      | Found Fair's Antique Armour Shoppe.
 10234 | D:8      | Reached XP level 10. HP: 69/69 MP: 17/27
 10827 | D:9      | Reached skill level 10 in Spellcasting
 11053 | D:9      | Noticed a two-headed ogre
 11071 | D:9      | Noticed a two-headed ogre
 11083 | D:9      | Killed a two-headed ogre
 11253 | D:9      | Identified the +7 short sword of the Ten Ships {protect,
                  | Str+2}
 11253 | D:9      | Identified the +2 mace of Viosonay {vorpal, rF++ rC+}
 11282 | D:9      | Found a runed translucent door.
 11283 | D:9      | Found a runed translucent door.
 11283 | D:9      | Noticed a deep elf pyromancer
 11283 | D:9      | Noticed a white ugly thing
 11379 | D:9      | Killed a two-headed ogre
 11598 | D:9      | Noticed a two-headed ogre
 11607 | D:9      | Killed a two-headed ogre
 12074 | D:9      | Noticed Erolcha
 12086 | D:9      | Killed Erolcha
 12087 | D:9      | Reached XP level 11. HP: 74/74 MP: 5/29
 12372 | D:10     | Entered Level 10 of the Dungeon
 12380 | D:10     | Reached skill level 5 in Dodging
 12572 | D:9      | Killed a deep elf pyromancer
 12599 | D:9      | Noticed a centaur warrior
 12676 | D:9      | Killed a centaur warrior
 13092 | D:10     | Noticed a two-headed ogre
 13101 | D:10     | Killed a two-headed ogre
 13323 | D:10     | Found a staircase to the Orcish Mines.
 13608 | D:10     | Found a staircase to the Lair.
 13882 | D:11     | Noticed Psyche
 13890 | D:11     | Noticed a two-headed ogre
 13892 | D:11     | Noticed a deep elf pyromancer
 14101 | D:11     | Killed Psyche
 14111 | D:11     | Killed a two-headed ogre
 14369 | D:11     | Killed a deep elf pyromancer
 14648 | D:11     | Found a gateway to a bazaar.
 15010 | D:12     | Noticed Sonja
 15017 | D:12     | Killed Sonja
 15094 | D:12     | Noticed an eight-headed hydra
 15101 | D:12     | Killed an eight-headed hydra
 15368 | D:12     | Reached XP level 12. HP: 81/81 MP: 28/32
 15448 | D:12     | Noticed an eight-headed hydra
 15454 | D:12     | Killed an eight-headed hydra
 16161 | D:13     | Noticed a catoblepas
 16173 | D:13     | Killed a catoblepas
 16174 | D:13     | Reached skill level 1 in Fighting
 16391 | D:13     | Learned a level 5 spell: Fireball
 16399 | D:13     | Learned a level 7 spell: Orb of Destruction
 16406 | D:13     | Learned a level 6 spell: Conjure Ball Lightning
 16411 | D:13     | Learned a level 4 spell: Hailstorm
 16589 | D:13     | Noticed a centaur warrior
 16592 | D:13     | Noticed a centaur warrior
 16807 | Lair:1   | Entered Level 1 of the Lair of Beasts
 17609 | Lair:2   | You fall into a shaft and drop 2 floors!
 17812 | Lair:6   | Entered Level 6 of the Lair of Beasts
 17816 | Lair:6   | Noticed a five-headed hydra
 17819 | Lair:6   | Reached skill level 1 in Fire Magic
 17819 | Lair:6   | Reached skill level 1 in Air Magic
 17822 | Lair:6   | Killed a five-headed hydra
 17832 | Lair:6   | Reached skill level 2 in Air Magic
 18239 | Lair:6   | Reached skill level 5 in Fighting
 18246 | Lair:6   | Reached XP level 13. HP: 81/100 MP: 16/33
 18380 | Lair:6   | Reached skill level 3 in Air Magic
 19085 | Lair:3   | Found a staircase to the Snake Pit.
 19092 | Lair:3   | Reached skill level 4 in Air Magic
 19450 | Lair:2   | Reached skill level 15 in Conjurations
 20593 | Lair:2   | Reached skill level 5 in Fire Magic
 20593 | Lair:2   | Reached skill level 5 in Air Magic
 20780 | Lair:2   | Found a staircase to the Swamp.
 24377 | Lair:6   | Noticed a dire elephant
 24381 | Lair:6   | Killed a dire elephant
 24382 | Lair:6   | Reached skill level 1 in Armour
 24502 | Lair:6   | Reached XP level 14. HP: 95/118 MP: 9/35
 24766 | Lair:6   | Found the +4 robe of Folly {Brilliance Will-∞ Int+8}
 25332 | Lair:6   | Found a staircase to the Slime Pits.
 25556 | Lair:6   | Reached skill level 10 in Fighting
 25922 | Lair:6   | Reached skill level 5 in Armour
 26743 | Lair:6   | Found a one-way gate to the infinite horrors of the Abyss.
 27038 | Orc:1    | Entered Level 1 of the Orcish Mines
 27681 | Orc:2    | Entered Level 2 of the Orcish Mines
 27682 | Orc:2    | Noticed Donald
 27686 | Orc:2    | Killed Donald
 28570 | Orc:2    | Found a staircase to the Elven Halls.
 29174 | Orc:2    | Found Suzoesk's Armour Shop.
 29174 | Orc:2    | Found Waish's Antique Armour Emporium.
 29494 | Orc:2    | Noticed an orc warlord
 29514 | Orc:2    | Killed an orc warlord
 29548 | Orc:2    | Found Baros's Weapon Shop.
 29548 | Orc:2    | Found Usipep's Armour Emporium.
 29904 | Orc:2    | Found a runed translucent door.
 29904 | Orc:2    | Noticed DildoBatman's ghost (journeyman FoCj)
 30280 | Orc:2    | Killed DildoBatman's ghost
 30713 | Bazaar   | Entered a bazaar
 30715 | Bazaar   | Found Eshrapo's Jewellery Boutique.
 30720 | Bazaar   | Found Lymogogu's Antique Weapon Boutique.
 30749 | Bazaar   | Found Geuxzo's Distillery.
 30791 | Bazaar   | Found Cijilu's Jewellery Emporium.
 30811 | Bazaar   | Bought a potion of haste for 120 gold pieces
 30811 | Bazaar   | Bought a potion of haste for 120 gold pieces
 30811 | Bazaar   | Bought a potion of haste for 120 gold pieces
 30811 | Bazaar   | Bought a potion of haste for 120 gold pieces
 30811 | Bazaar   | Bought a potion of flight for 36 gold pieces
 30811 | Bazaar   | Bought a potion of degeneration for 12 gold pieces
 30932 | Orc:2    | Bought an ancient ring mail for 225 gold pieces
 30932 | Orc:2    | Identified the +5 ring mail of Light {Stlth+} (You bought
                  | it in a shop on level 2 of the Orcish Mines)
 30968 | Orc:2    | Bought the +4 moon troll leather armour {Spirit, Regen++
                  | MP+5} for 817 gold pieces
 30968 | Orc:2    | Found the +4 moon troll leather armour {Spirit, Regen++
                  | MP+5}
 31915 | D:13     | You fall into a shaft and drop 2 floors!
 31915 | D:15     | Entered Level 15 of the Dungeon
 32243 | D:15     | Reached XP level 15. HP: 126/126 MP: 29/36
 32618 | D:15     | Noticed Rupert
 32813 | D:14     | Noticed Frances
 32817 | D:14     | Killed Frances
 33086 | D:13     | Found a gate to the Vaults.
 33593 | D:14     | Identified the +0 robe "Forget-Me-Not" {+Blink Will++}
 33907 | D:14     | Noticed Josephine
 33911 | D:14     | Killed Josephine
 35059 | D:15     | Killed Rupert
 35665 | D:15     | Found a staircase to the Depths.
 35933 | D:7      | Bought a pair of embroidered gloves for 255 gold pieces
 36082 | Snake:1  | Entered Level 1 of the Snake Pit
 36363 | Snake:1  | Reached skill level 1 in Shields
 36714 | Snake:1  | Learned a level 4 spell: Airstrike
 38467 | Snake:2  | Reached skill level 5 in Shields
 38468 | Snake:2  | Found a frozen archway.
 38678 | Snake:2  | Found Ridic's Assorted Antiques.
 38702 | IceCv    | Entered an ice cave
 38731 | IceCv    | Reached skill level 6 in Air Magic
 39345 | IceCv    | Reached XP level 16. HP: 134/134 MP: 37/37
 39943 | IceCv    | Identified the +0 ice dragon scales of the Catfish {rElec
                  | rF- rC++ Will+}
 40820 | Snake:2  | Identified the +6 falchion of Hepliaklqana's Favour
                  | {freeze, Will+ MP+9 Str-3 Int+4}
 41238 | Snake:2  | Reached skill level 7 in Air Magic
 41397 | Snake:2  | Bought a potion of curing for 102 gold pieces
 41397 | Snake:2  | Bought a gold wand for 136 gold pieces
 41397 | Snake:2  | Bought a jewelled ring mail for 306 gold pieces
 41397 | Snake:2  | Identified the +1 ring mail of Philately {Str+4 Int+3} (You
                  | bought it in a shop on level 2 of the Snake Pit)
 42522 | Snake:3  | Found Xethyl's CLEARANCE SALE!.
 42530 | Snake:3  | Bought a scroll of identify for 10 gold pieces
 42530 | Snake:3  | Bought a scroll of identify for 10 gold pieces
 43491 | Snake:4  | Entered Level 4 of the Snake Pit
 43995 | Snake:4  | Reached skill level 8 in Air Magic
 45207 | Snake:4  | Reached skill level 10 in Shields
 46510 | Snake:4  | Got a serpentine rune of Zot
 47066 | Swamp:1  | Entered Level 1 of the Swamp
 47074 | Swamp:1  | Reached skill level 9 in Air Magic
 47419 | Swamp:1  | Reached XP level 17. HP: 140/140 MP: 5/38
 47715 | Swamp:1  | HP: 2/140 [will-o-the-wisp/foxfire (27)]
 48645 | Swamp:1  | Identified a scroll of acquirement
 48647 | Swamp:1  | Acquired 853 gold pieces
 50708 | Swamp:3  | Reached skill level 10 in Air Magic
 50881 | Swamp:3  | Identified the +0 scale mail of Otinn {rPois rN+ Str+4}
 51515 | Swamp:4  | Entered Level 4 of the Swamp
 51993 | Swamp:4  | Noticed Aizul
 52261 | Swamp:4  | Killed Aizul
 54291 | Swamp:4  | Got a decaying rune of Zot
 54586 | Swamp:4  | Noticed Louise
 54592 | Swamp:4  | Killed Louise
 54593 | Swamp:4  | Reached skill level 11 in Air Magic
 54950 | Vaults:1 | Entered Level 1 of the Vaults
 55167 | Vaults:1 | Found a transporter.
 55177 | Vaults:1 | Found a transporter.
 55463 | Vaults:1 | Found Teon Xiph's Weapon Emporium.
 55756 | Vaults:1 | Reached XP level 18. HP: 147/147 MP: 3/39
 57298 | Vaults:1 | Reached skill level 15 in Shields
 57714 | Vaults:2 | Noticed a bone dragon
 57729 | Vaults:2 | Killed a bone dragon
 57898 | Vaults:2 | Reached skill level 12 in Air Magic
 58162 | Vaults:2 | Found a staircase to the Crypt.
 61373 | Vaults:3 | Noticed Margery
 61552 | Vaults:3 | Killed Margery
 62094 | Vaults:3 | Found Zuirotod's Antique Weapon Shop.
 62302 | Vaults:3 | Found a runed translucent gate.
 62302 | Vaults:3 | Found a runed translucent gate.
 62302 | Vaults:3 | Found a runed translucent gate.
 62303 | Vaults:3 | Noticed KamiKatze's ghost (adept MiBe)
 62308 | Vaults:3 | Identified the +3 plate armour of Yesterday {Contam Harm
                  | Str+2}
 62440 | Vaults:3 | Noticed Asterion
 62462 | Vaults:3 | Killed Asterion
 62552 | Vaults:3 | Noticed Mara
 62563 | Vaults:3 | Noticed McKennaii's illusion
 63591 | Vaults:3 | Reached skill level 15 in Spellcasting
 64195 | Vaults:3 | Reached XP level 19. HP: 154/154 MP: 1/43
 65339 | Vaults:3 | Killed Mara
 65499 | Vaults:3 | Identified the +1 hat "Sisky" {rPois Regen+ MP+9 Dex+2}
 65760 | Vaults:3 | Killed KamiKatze's ghost
 66125 | Vaults:4 | Noticed Boris
 66128 | Vaults:4 | Reached skill level 13 in Air Magic
 66297 | Vaults:4 | Killed Boris
 66578 | Vaults:4 | Noticed Bai Suzhen
 66579 | Vaults:4 | Found a flickering gateway to a bazaar.
 66600 | Vaults:4 | Noticed Saint Roka
 66608 | Bazaar   | Entered a bazaar
 66623 | Bazaar   | Found Qetocwab's Assorted Antiques.
 66825 | Bazaar   | Found Jyelitey's Magic Scroll Emporium.
 66872 | Bazaar   | Found Hudeicku's Book Boutique.
 66880 | Bazaar   | Bought a book of the Wilderness for 418 gold pieces
 66908 | Bazaar   | Found Ruam's Book Emporium.
 66916 | Bazaar   | Bought the Unrestrained Analects for 484 gold pieces
 67182 | Bazaar   | Bought a scroll of teleportation for 54 gold pieces
 67182 | Bazaar   | Bought a scroll of magic mapping for 63 gold pieces
 67182 | Bazaar   | Bought a scroll of amnesia for 63 gold pieces
 67182 | Bazaar   | Bought a scroll of holy word for 135 gold pieces
 67182 | Bazaar   | Bought a scroll of fog for 36 gold pieces
 67182 | Bazaar   | Bought a scroll of fog for 36 gold pieces
 67261 | Bazaar   | Bought a scroll of fear for 112 gold pieces
 67355 | Vaults:4 | Killed Saint Roka
 68166 | Vaults:4 | Killed Bai Suzhen
 68360 | Vaults:4 | Reached skill level 14 in Air Magic
 68468 | Vaults:4 | Noticed an ancient lich
 68587 | Vaults:4 | Killed an ancient lich
 70046 | Vaults:5 | Entered Level 5 of the Vaults
 70052 | Vaults:5 | Reached XP level 20. HP: 117/161 MP: 29/47
 70650 | Crypt:1  | Entered Level 1 of the Crypt
 70679 | Crypt:1  | Reached skill level 15 in Air Magic
 71078 | Crypt:1  | Paralysed by something for 6 turns
 71907 | Crypt:1  | Paralysed by a vampire knight for 4 turns
 72221 | Crypt:1  | Paralysed by something for 5 turns
 73299 | Crypt:2  | Noticed Khufu
 73300 | Crypt:2  | Noticed a royal mummy
 73308 | Crypt:2  | Killed Khufu
 73316 | Crypt:1  | Killed a royal mummy
 73473 | Crypt:2  | Noticed Sojobo
 73976 | Crypt:2  | Killed Sojobo
 74145 | Crypt:2  | Reached skill level 16 in Air Magic
 74325 | Crypt:2  | Noticed Mennas
 74949 | Crypt:2  | Killed Mennas
 75293 | Crypt:2  | Identified the +3 whip of Bakynel {freeze, rElec Will+
                  | Str+3}
 76348 | Crypt:3  | Entered Level 3 of the Crypt
 78865 | Crypt:3  | Found a staircase to the Tomb.
 79244 | Crypt:3  | Noticed a bone dragon
 79613 | Crypt:3  | Killed a bone dragon
 79939 | Crypt:3  | Reached skill level 17 in Air Magic
 79951 | Crypt:3  | Reached XP level 21. HP: 138/168 MP: 18/49
 80550 | Crypt:3  | Identified the ring of the Dropbear {Wiz rC+ Stlth+}
 80574 | Crypt:3  | Got Asheah's Tome of the Snowflakes and Feathers
 81176 | Crypt:3  | Learned a level 8 spell: Maxwell's Capacitive Coupling
 81348 | Tomb:1   | Entered Level 1 of the Tomb of the Ancients
 81513 | Tomb:1   | Identified the +7 war axe of the Median {vorpal, rF+ Dex+2}
 81839 | Tomb:1   | Paralysed by a sphinx for 2 turns
 81847 | Tomb:1   | Paralysed by a sphinx for 4 turns
 82202 | Tomb:1   | Noticed a royal mummy
 82600 | Tomb:1   | Killed a royal mummy
 82738 | Tomb:1   | Noticed a royal mummy
 82749 | Tomb:1   | Killed a royal mummy
 83150 | Tomb:1   | Noticed a royal mummy
 83156 | Tomb:1   | Killed a royal mummy
 84007 | Elf:1    | Entered Level 1 of the Elven Halls
 84283 | Elf:1    | Found Fadugrex's Magic Scroll Emporium.
 84290 | Elf:1    | Bought a scroll of magic mapping for 59 gold pieces
 84545 | Elf:1    | Found Ustreikky's Antique Weapon Boutique.
 84569 | Elf:1    | Found Atekice's Book Emporium.
 84576 | Elf:1    | Reached skill level 18 in Air Magic
 84928 | Elf:1    | Got Fuewee's Handbook of Arcane Weapons
 85335 | Elf:2    | Noticed Azrael
 85338 | Elf:2    | Killed Azrael
 85625 | Elf:2    | Found a runed translucent gate.
 85626 | Elf:2    | Found a runed translucent gate.
 85626 | Elf:2    | Found a runed translucent gate.
 86932 | Elf:3    | Entered Level 3 of the Elven Halls
 86960 | Elf:3    | Paralysed by an air elemental for 1 turns
 87567 | Elf:3    | Reached skill level 19 in Air Magic
 87598 | Elf:3    | Reached XP level 22. HP: 138/174 MP: 0/52
 87867 | Elf:3    | Found the +3 pair of gauntlets of War {Slay+5}
 87907 | Elf:3    | Got the Handbook of the Magpie
 87928 | Elf:3    | Identified the +1 ring mail of Poq Udwu {rPois Will++}
 88313 | Elf:3    | Found Heaz Kei's Antique Weapon Boutique.
 89083 | Slime:1  | Entered Level 1 of the Pits of Slime
 89214 | Slime:1  | Gained mutation: Your body sometimes deteriorates upon
                  | taking damage. [a shining eye]
 89590 | Slime:2  | Gained mutation: You tend to lose your temper in combat. [a
                  | shining eye]
 89590 | Slime:2  | Gained mutation: You have hidden genetic defects. [a
                  | shining eye]
 89594 | Slime:2  | Gained mutation: You are clumsy. (Dex -2) [a shining eye]
 89595 | Slime:2  | Gained mutation: You are partially covered in iridescent
                  | scales. (AC +2) [a shining eye]
 89596 | Slime:2  | Gained mutation: Your muscles are strong. (Str +2) [a
                  | shining eye]
 89598 | Slime:2  | Gained mutation: You are frail. (-10% HP) [a shining eye]
 89600 | Slime:2  | Gained mutation: You have terrible hidden genetic defects.
                  | [a shining eye]
 89701 | Slime:2  | Gained mutation: You sometimes lose the ability to read
                  | scrolls when taking damage. [a shining eye]
 89702 | Slime:2  | Gained mutation: You are very frail. (-20% HP) [a shining
                  | eye]
 89704 | Slime:2  | Gained mutation: Your body often deteriorates upon taking
                  | damage. [a shining eye]
 90689 | Slime:2  | You fall into a shaft and drop 1 floor!
 92044 | Slime:5  | Entered Level 5 of the Pits of Slime
 92074 | Slime:5  | Gained mutation: You often lose your temper in combat.
                  | [hidden defects]
 92314 | Slime:5  | Reached skill level 20 in Air Magic
 92687 | Slime:4  | Lost mutation: You often lose your temper in combat.
                  | [potion of mutation]
 92687 | Slime:4  | Lost mutation: You are clumsy. (Dex -2) [potion of
                  | mutation]
 92687 | Slime:4  | Gained mutation: You expend magic power (3 MP) to
                  | strengthen your wands. [potion of mutation]
 92688 | Slime:4  | Lost mutation: You expend magic power (3 MP) to strengthen
                  | your wands. [potion of mutation]
 92688 | Slime:4  | Lost mutation: You have terrible hidden genetic defects.
                  | [potion of mutation]
 92688 | Slime:4  | Gained mutation: You are mostly covered in iridescent
                  | scales. (AC +4) [potion of mutation]
 92689 | Slime:4  | Lost mutation: You sometimes lose the ability to read
                  | scrolls when taking damage. [potion of mutation]
 92689 | Slime:4  | Lost mutation: You have hidden genetic defects. [potion of
                  | mutation]
 92689 | Slime:4  | Gained mutation: You are resistant to electric shocks.
                  | (rElec) [potion of mutation]
 92690 | Slime:4  | Lost mutation: You are mostly covered in iridescent scales.
                  | (AC +4) [potion of mutation]
 92690 | Slime:4  | Lost mutation: You are very frail. (-20% HP) [potion of
                  | mutation]
 92690 | Slime:4  | Gained mutation: Your muscles are very strong. (Str +4)
                  | [potion of mutation]
 92690 | Slime:4  | Gained mutation: You are very frail. (-20% HP) [potion of
                  | mutation]
 92690 | Slime:4  | Lost mutation: Your muscles are very strong. (Str +4)
                  | [potion of mutation]
 92690 | Slime:4  | Gained mutation: You have a somewhat thin skeletal
                  | structure. (Dex +2, Stealth+) [potion of mutation]
 92691 | Slime:4  | Lost mutation: You have a somewhat thin skeletal structure.
                  | (Dex +2, Stealth+) [potion of mutation]
 92691 | Slime:4  | Lost mutation: You are very frail. (-20% HP) [potion of
                  | mutation]
 92691 | Slime:4  | Lost mutation: Your muscles are strong. (Str +2) [potion of
                  | mutation]
 92691 | Slime:4  | Gained mutation: You have a pair of small antennae on your
                  | head. [potion of mutation]
 92788 | Slime:5  | Noticed the Royal Jelly
 92792 | Slime:5  | Killed the Royal Jelly
 93072 | Slime:5  | Identified the +2 great mace "Baic" {vorpal, rC+ Int+2}
 93230 | Slime:5  | Identified the +5 dagger "Eplar" {vamp, Str+9}
 93241 | Slime:5  | Identified the +2 rapier of Midsummer {freeze, rF+ rC+
                  | Str+8 Dex-2}
 93280 | Slime:5  | Got a slimy rune of Zot
 93356 | Slime:5  | Lost mutation: You are partially covered in iridescent
                  | scales. (AC +2) [potion of mutation]
 93356 | Slime:5  | Lost mutation: You tend to lose your temper in combat.
                  | [potion of mutation]
 93356 | Slime:5  | Lost mutation: You are frail. (-10% HP) [potion of
                  | mutation]
 93356 | Slime:5  | Gained mutation: You expend magic power (3 MP) to
                  | strengthen your wands. [potion of mutation]
 93357 | Slime:5  | Lost mutation: You have a pair of small antennae on your
                  | head. [potion of mutation]
 93357 | Slime:5  | Lost mutation: You are resistant to electric shocks.
                  | (rElec) [potion of mutation]
 93357 | Slime:5  | Gained mutation: You have a somewhat thin skeletal
                  | structure. (Dex +2, Stealth+) [potion of mutation]
 93357 | Slime:5  | Gained mutation: You do not regenerate when monsters are
                  | visible. [potion of mutation]
 93357 | Slime:5  | Gained mutation: You are covered in fur. (AC +1) [potion of
                  | mutation]
 93357 | Slime:5  | Gained mutation: You are partially covered in iridescent
                  | scales. (AC +2) [potion of mutation]
 93703 | Depths:1 | Entered Level 1 of the Depths
 94517 | Depths:1 | Found a gateway to Hell.
 95721 | Depths:2 | Found a one-way gate leading to the halls of Pandemonium.
 95856 | Depths:2 | Noticed the Enchantress
 95861 | Depths:2 | Killed the Enchantress
 95868 | Depths:2 | Reached XP level 23. HP: 181/181 MP: 30/54
 96392 | Depths:3 | Reached skill level 21 in Air Magic
 96545 | Depths:3 | Found Poeh's Armour Boutique.
 97135 | Depths:3 | Found a one-way gateway to a ziggurat.
 97148 | Depths:3 | Identified the +1 ring mail "Hobiohog" {rC+}
 97158 | Depths:3 | You fall into a shaft and drop 1 floor!
 97158 | Depths:4 | Entered Level 4 of the Depths
 98641 | Depths:4 | Found Iwkusovi's Antique Armour Emporium.
 99310 | Depths:4 | Found a runed translucent gate.
 99310 | Depths:4 | Found a runed translucent gate.
 99310 | Depths:4 | Found a runed translucent gate.
 99315 | Depths:4 | Noticed WeeknightWizard's ghost (veteran DEFE)
 99687 | Depths:4 | Found a gate to the Realm of Zot.
 99818 | Depths:4 | Reached skill level 22 in Air Magic
100408 | Depths:4 | Killed WeeknightWizard's ghost
100486 | Depths:4 | Learned a level 9 spell: Chain Lightning
100489 | Zot:1    | Entered Level 1 of the Realm of Zot
101388 | Zot:1    | Found a runed translucent door.
101405 | Zot:1    | Identified the +6 glaive "Waini" {chaos, Str+3}
101405 | Zot:1    | Noticed Beclu's ghost (legendary GnSk)
102027 | Zot:1    | Reached XP level 24. HP: 164/189 MP: 15/55
102768 | Zot:1    | Killed Beclu's ghost
102839 | Zot:1    | Identified the amulet of Trepidation {RegenMP rF+}
103409 | Vaults:5 | Reached skill level 23 in Air Magic
103534 | Vaults:5 | HP: 7/189 [storm dragon (5)]
103658 | Vaults:5 | Noticed Boris
103671 | Vaults:5 | Killed Boris
103802 | Vaults:5 | Identified the +6 hunting sling "Wairudotz" {vorpal, *Slow
                  | rN+++ MP+9 SInv}
103883 | Vaults:5 | Identified the +5 trident "Vaullyz" {vorpal, SInv}
104474 | Vaults:5 | Got Pemoijod's Collected Works on Dislocated Confrontation
104480 | Vaults:5 | Got the Papyrus of Mutagenic Beguiling
104484 | Vaults:5 | Identified the +4 plate armour of a bazaar {Fly rC+}
104731 | Vaults:5 | Identified the +1 scythe of Defiance {speed, Dex+3}
104989 | Vaults:5 | Identified the +0 pair of boots of Juggoxta {rN+ Will+}
105104 | Vaults:5 | Got a silver rune of Zot
105557 | Vaults:5 | Found the +3 hat of Pondering {ponderous, Will+ MP+10
                  | Int+5}
105865 | Vaults:5 | Identified the +2 war axe "Kubec" {protect, rF+ Will+}
106236 | Tomb:2   | Noticed a royal mummy
106236 | Tomb:2   | Noticed a royal mummy
106237 | Tomb:2   | Noticed a royal mummy
106237 | Tomb:2   | Noticed a royal mummy
106239 | Tomb:2   | Noticed Boris
106242 | Tomb:2   | Killed a royal mummy
106243 | Tomb:2   | Reached skill level 24 in Air Magic
106243 | Tomb:2   | Killed a royal mummy
106250 | Tomb:2   | Killed by a mummy priest's death curse

Illustrated notes

Levels and vault maps discovered:
D:1:      wander_arrival_peaceful_grave, layout_basic,
          hellmonk_ecumenical_altar_blasted, minmay_misc_feat_rows,
          bh_walls_and_bars
D:2:      kennysheep_six_static_rooms, layout_rooms, serial_rivers,
          chequers_serial_rivers_marsh, chequers_serial_rivers_marsh,
          chequers_serial_rivers_large_a, chequers_serial_rivers_micro_d,
          chequers_serial_rivers_marsh, chequers_serial_rivers_micro_a,
          minmay_misc_feat_four_crosses, minmay_misc_feat_doors,
          minmay_misc_feat_alley
D:3:      minmay_recursive_quarters, layout_loops_ring, lemuel_doored_altar,
          cheibrodos_sewer_entry_bend, minmay_rat_hole, uniq_jessica
D:4:      cheibrodos_quashed, layout_basic, minmay_fractal_squares_diagonal_5
D:5:      minmay_bubble_buster, layout_loops_ring
D:6:      layout_cave_pools, serial_shops, shop,
          nicolae_concentric_dashed_squares_wild, serial_bayou_lake_a,
          uniq_menkaure
D:7:      layout_cave_pools, lightli_temple_of_fire, temple_green, serial_shops,
          nicolae_shop_trees, chequers_serial_rivers_small_b,
          kennysheep_big_empty_room, nicolae_shop_gadgets, uniq_pikel,
          uniq_harold
D:8:      layout_loops_ring, mainiacjoe_overflow_paths
D:9:      minmay_the_grid_four_pointed_star
          [minmay_the_grid_triangle_9x9_dagger,
          minmay_the_grid_triangle_9x9_steps,
          minmay_the_grid_triangle_9x9_wacky_v,
          minmay_the_grid_triangle_9x9_tough_junction,
          minmay_the_grid_prize_shrinking_boxes], layout_stronghold,
          uniq_erolcha
D:10:     layout_small_grid, okawaru_humans, due_lair_maze_entry_diamond,
          david_orc_2
D:11:     layout_cave_pools, serial_shops, bzr_entry_lakeside, minivault_7,
          uniq_psyche
D:12:     layout_roguey, uniq_sonja
D:13:     layout_big_octagon, erik_vaults_2
D:14:     layout_basic, tso_metal_star, minivault_16, roderic_lattice_a,
          uniq_josephine, uniq_frances
D:15:     grunt_enter_depths_hoard, layout_basic, serial_undead,
          serial_undead_d, serial_undead_b, serial_undead_c, serial_undead_b,
          serial_undead_f, serial_undead_c, hangedman_decor_peaks_small,
          fountainhead, uniq_rupert
Temple:   dpeg_five_rooms_temple
Lair:1:   layout_big_grid, st_stairs_11
Lair:2:   lemuel_ratsnest, layout_hall_layers,
          nicolae_swamp_entry_splash_gauntlet, grunt_megastairs_4
Lair:3:   layout_long_grid, minmay_snake_entry_guardpost_small,
          grunt_megastairs_1
Lair:4:   layout_hall_layers, basic_altar, wad_woods_road_03,
          chequers_serial_rivers_micro_b
Lair:5:   layout_regular_city, bobbens_dragon_lair_wall
Lair:6:   hellmonk_lair_end_abyssal_woods, layout_regular_city, slime_altar_1,
          st_stairs_10, serial_bayou_pond_e, dreamdust_deal_with_the_devil,
          serial_bayou_shore_a
Swamp:1:  layout_falls_marsh, nicolae_swamp_feature_on_the_river_bank,
          nicolae_swamp_wisp_ring_woods
Swamp:2:  layout_basic_swamp, evilmike_swamp_ruin_house_6, swamp_pool1
Swamp:3:  layout_basic_swamp, evilmike_swamp_ruin_rubble_2,
          cheibrodos_swamp_pet_leeches
Swamp:4:  swamp_basic_johnstein, layout_basic_swamp, swamp_pool2,
          nicolae_swamp_bloodsuckers_inc, uniq_aizul, uniq_louise
Snake:1:  layout_rooms
Snake:2:  layout_cave_shapes, serial_shops, nicolae_shop_waterfront,
          portal_ice_cave_entry_pillars_1, hangedman_snake_pattern
Snake:3:  layout_cave_shapes, nicolae_shop_clearance
Snake:4:  minmay_snake_end_coiled, layout_cave_town, grunt_ministairs_4,
          serial_bayou_shore_b
Slime:1:  layout_caves
Slime:2:  layout_caves
Slime:3:  layout_caves
Slime:4:  layout_caves
Slime:5
Orc:1:    layout_caves, nicolae_orc_stony_grotto
Orc:2:    st_orc_town, layout_caves, gammafunk_ghost_grave, basic_altar,
          uniq_donald
Elf:1:    layout_gridlike, serial_shops, shop, nicolae_square_shop, shop,
          minmay_elf_annihilation, lemuel_upstairs_altar
Elf:2:    nicolae_elf_blades_crystal_corner, layout_onion_city, uniq_azrael
Elf:3:    minmay_elf_hall_curves, layout_gridlike, serial_shops,
          nicolae_shop_waterfront, nicolae_elf_deep_friendship
Vaults:1: vaults_dpeg_hooks, gammafunk_sealed_arena,
          nicolae_vaults_diagonal_hallway_9, grunt_vaults_hallway_short,
          hangedman_vaults_maws, nicolae_vaults_alarming, vaults_dpeg_spiral,
          layout_vaults_omnigrid, serial_shops, nicolae_shop_stone
Vaults:2: hangedman_vaults_variations, v_alt_pattern_2, grunt_vaults_bifocal,
          nicolae_vaults_rhombus_6, v_misc_30, minmay_crypt_entry_nasty_monster,
          hangedman_vaults_restitches, ontoclasm_vaults_ligature,
          vaults_room_boxed, nicolae_vaults_murderbox, v_alt_pattern_6,
          layout_vaults_omnibox
Vaults:3: gammafunk_ghost_tricky_traps, ontoclasm_vaults_fault,
          nicolae_vaults_diagonal_hallway_7, nicolae_vaults_twisting_passages,
          ontoclasm_vaults_ring_square, v_misc_23, vaults_dpeg_diagonal,
          serial_ice_b, vaults_room_pool, v_misc_26, v_misc_29,
          vaults_room_semicircle, ontoclasm_vaults_pinch,
          vaults_mumra_minichess, ontoclasm_vaults_chip,
          nicolae_vaults_asterisk, layout_vaults_maze, serial_shops,
          nicolae_shop_statue_plus, uniq_asterion, uniq_mara, uniq_margery
Vaults:4: v_misc_9, v_misc_18, nicolae_vaults_yaktaur_gun_rack,
          st_quartered_hall, v_pattern_4, nicolae_vaults_theta,
          ontoclasm_vaults_ring_small, dpeg_vaults_monster_box,
          nicolae_vaults_circle_grid_a, nicolae_vaults_diagonal_hallway_7,
          nicolae_vaults_border_crossing, nicolae_vaults_asterisk,
          layout_vaults_big_room, serial_shops, bzr_entry_safe, uniq_saint_roka,
          uniq_boris, uniq_bai_suzhen
Vaults:5: serial_shops
Crypt:1:  layout_misc_corridors, st_stairs_11, grunt_crypt_arrival_split
Crypt:2:  layout_misc_corridors, uniq_mennas, uniq_sojobo, uniq_khufu
Crypt:3:  evilmike_haunted_forest
Tomb:1
Tomb:2
Depths:1: layout_roguey, grunt_hell_entry_dis_old, elyvilon_altar_5,
          abyss_entry, nicolae_vehumet_altar_sigil
Depths:2: nicolae_cairo_tiling_large_dashed, layout_long_grid,
          hangedman_coc_ice_floe, pan_entry, fedhas_altar_2, abyss_entry,
          infiniplex_staircase_zigzag_2, uniq_enchantress
Depths:3: mu_elephants_graveyard, layout_twisted_cross, enter_ziggurat_c,
          abyss_entry_small_statue_room, kiku_gazebo_garden_becter, hell_entry,
          serial_shops, shop, horrible_house_mu, infiniplex_staircase_pillars_1
Depths:4: grunt_x_marks_the_spot, layout_gridlike, hell_entry,
          hangedman_decor_points, ebering_ghost_rock_garden, serial_shops,
          nicolae_square_shop, rand_demon_pan_entry_3
Zot:1:    layout_gridlike, ebering_ghost_xom, grunt_ministairs_14,
          evilmike_ambush [evilmike_ambush_outer_pillars,
          evilmike_ambush_inner_pond], grunt_megastairs_5

Skill      XL: |  1  2  3  4  5  6  7  8  9 10 11 12 13 14 15 16 17 18 19 20 21 22 23 24 |
---------------+-------------------------------------------------------------------------+-----
Spellcasting   | 2 3 4 5 6 9 10 12 15 16 18 20 21 22 | 22.3
Conjurations   | 4 5 6 8 9 10 12 14 15 16 18 | 18.0
Dodging        | 4 6 7 8 |  8.0
Fighting       | 5 9 10 | 10.0
Fire Magic     | 2 5 |  5.0
Air Magic      | 2 5 6 9 11 12 14 17 19 20 22 24 | 24.0
Armour         | 1 8 |  8.0
Shields        | 5 11 14 15 16 17 18 | 18.3
Stealth        | |  1.7

Action                   |  1- 3 |  4- 6 |  7- 9 | 10-12 | 13-15 | 16-18 | 19-21 | 22-24 || total
-------------------------+-------+-------+-------+-------+-------+-------+-------+-------++-------
Melee: Unarmed           |     1 |       |       |       |       |       |       |       ||     1
       Dagger            |       |     1 |     4 |       |       |       |       |       ||     5
       Staff             |       |       |       |     5 |    31 |   127 |    94 |    18 ||   275
       Short sword       |       |       |       |       |    77 |       |       |       ||    77
       Punch             |       |       |       |       |     1 |       |       |       ||     1
       Falchion          |       |       |       |       |       |    10 |       |       ||    10
 Cast: Magic Dart        |   123 |   100 |   123 |   241 |   247 |       |     1 |     1 ||   836
       Searing Ray       |     1 |    16 |    58 |   102 |    29 |     7 |     3 |       ||   216
       Iskenderun's Myst |       |       |    11 |   126 |   137 |   202 |   315 |   417 ||  1208
       Fireball          |       |       |       |     6 |   373 |   283 |   250 |   243 ||  1155
       Hailstorm         |       |       |       |     4 |     3 |       |       |       ||     7
       Orb of Destructio |       |       |       |     1 |    59 |    66 |    48 |   142 ||   316
       Conjure Ball Ligh |       |       |       |     1 |     2 |       |     7 |       ||    10
       Airstrike         |       |       |       |       |    30 |   657 |  1031 |   841 ||  2559
       Maxwell's Capacit |       |       |       |       |       |       |       |     1 ||     1
       Chain Lightning   |       |       |       |       |       |       |       |    17 ||    17
Evoke: Wand              |       |     1 |     1 |     3 |    11 |     8 |    18 |     3 ||    45
  Use: Scroll            |       |       |    11 |     2 |     8 |    28 |     6 |     5 ||    60
       Potion            |       |       |       |     1 |       |     2 |     6 |    21 ||    30
Armor: Robe              |       |     8 |    18 |    45 |    36 |       |       |       ||   107
       Scale mail        |       |       |       |       |    25 |       |       |       ||    25
       Troll leather arm |       |       |       |       |    55 |   196 |   157 |    38 ||   446
       Acid dragon scale |       |       |       |       |       |       |       |    46 ||    46
Dodge: Dodged            |     4 |    49 |    61 |   100 |   151 |   180 |   144 |   119 ||   808
Block: Tower shield      |       |       |       |       |    24 |   615 |   725 |   365 ||  1729
       Kite shield       |       |       |       |       |     9 |       |       |       ||     9
